 Dungeon Crawl Stone Soup version 0.29-a0-648-g6b26cc9f40 (webtiles) character file.

Game seed: 13477423024838210075

215 Locuples the Covert (level 6, -2/36 HPs)
             Began as a Kobold Brigand on June 20, 2022.
             Was an Initiate of Dithmenos.
             Slain by Eustachio
             ... wielding a +0 rapier
              (3 damage)
             ... on level 4 of the Dungeon.
             The game lasted 00:08:43 (4338 turns).

Locuples the Covert (Kobold Brigand)                Turns: 4338, Time: 00:08:44

Health: -2/36      AC:  4    Str: 10 (11) XL:     6   Next: 15%
Magic:  6/6        EV: 13    Int: 10 (12) God:    Dithmenos [......]
Gold:   130        SH:  0    Dex:  8 (16) Spells: 5/5 levels left

rFire   . . .      SeeInvis .   a - +2 dagger
rCold   . . .      Faith    .   (no shield)
rNeg    . . .      Spirit   .   b - +0 robe
rPois   .          Reflect  .   (no helmet)
rElec   .          Harm     .   c - +0 cloak
rCorr   .          Rampage  .   l - +0 pair of gloves
Will    .....                   (no boots)
Stlth   +++++.....              (no amulet)
HPRegen 0.12/turn               (no ring)
MPRegen 0.10/turn               (no ring)

@: no status effects
A: small, no large weapons, nightstalker 3
a: Renounce Religion


You were on level 4 of the Dungeon.
You worshipped Dithmenos.
Dithmenos was noncommittal.
You visited 2 branches of the dungeon, and saw 5 of its levels.

You collected 130 gold pieces.

Inventory:

Hand Weapons
 a - a +2 dagger (weapon)
Missiles
 d - 23 poisoned darts (quivered)
 e - 3 curare-tipped darts
 q - 2 throwing nets
 z - 5 atropa-tipped darts
Armour
 b - a +0 robe (worn)
 c - a +0 cloak (worn)
 l - a +0 pair of gloves (worn)
Scrolls
 h - a scroll of poison {unknown}
 i - a scroll of silence {unknown}
 k - 3 scrolls of immolation {unknown}
 n - 3 scrolls of teleportation {unknown}
 o - 6 scrolls of identify {unknown}
 p - 2 scrolls of fog {unknown}
 r - a scroll of vulnerability {unknown}
 t - a scroll of enchant armour {unknown}
 v - a scroll of brand weapon {unknown}
 w - a scroll of magic mapping {unknown}
 x - a scroll of blinking {unknown}
 y - a scroll of amnesia {unknown}
Potions
 f - a potion of degeneration
 g - a potion of ambrosia {unknown}
 j - a potion of might {unknown}
 m - 2 potions of attraction {unknown}
 s - a potion of brilliance {unknown}
 u - a potion of flight {unknown}
 A - a potion of heal wounds {unknown}


   Skills:
 + Level 2.6 Fighting
 * Level 4.5 Short Blades
 - Level 2.1 Throwing
 - Level 1.2 Dodging
 * Level 8.6 Stealth


You had 5 spell levels left.
You didn't know any spells.
Your spell library was empty.

Dungeon Overview and Level Annotations

Branches:
Dungeon (4/15)             Temple (1/1) D:4

Altars:
Ashenzari
Cheibriados
Dithmenos
Elyvilon
Gozag
Hepliaklqana
Kikubaaqudgha
Makhleb
Nemelex Xobeh
Okawaru
Qazlal
Ru
Sif Muna
Trog
Uskayaw
Vehumet
Wu Jian
Xom
Yredelemnul
Zin
The Shining One

Annotations:
D:4 Eustachio


Innate Abilities, Weirdness & Mutations

You are small and have problems with some larger weapons.
You are completely attuned to the shadows.


Message History

Eustachio is moderately wounded.
The quasit barely misses you. The quasit misses you.
The quasit claws you but does no damage.
Eustachio mumbles some strange words.
The bat hits you but does no damage. The rat closely misses you.
You hit Eustachio but do no damage.
Eustachio is moderately wounded.
The bat hits you but does no damage. The quasit bites you.
The quasit misses you. The quasit barely misses you.
You hit Eustachio.
Eustachio is moderately wounded.
The quasit barely misses you. x2; The quasit closely misses you.
Eustachio hits you with a +0 rapier. The bat hits you.
The rat closely misses you. The quasit attacks as you move away!
The quasit bites you but does no damage.
The quasit barely misses you. The quasit closely misses you.
Eustachio attacks as you move away! Eustachio hits you with a +0 rapier.
* * * LOW HITPOINT WARNING * * *
The bat closely misses you. The quasit bites you.
* * * LOW HITPOINT WARNING * * *
The quasit claws you.
* * * LOW HITPOINT WARNING * * *
The quasit completely misses you. The quasit attacks as you move away!
The quasit barely misses you. The quasit claws you.
* * * LOW HITPOINT WARNING * * *
You feel clumsy. The quasit barely misses you. Eustachio barely misses you.
The rat attacks as you move away! The rat bites you but does no damage.
Eustachio attacks as you move away! Eustachio hits you with a +0 rapier.
* * * LOW HITPOINT WARNING * * *
The river rat attacks as you move away!
The river rat bites you but does no damage.
Eustachio attacks as you move away! Eustachio closely misses you.
The bat attacks as you move away! The bat hits you but does no damage.
The bat misses you.
There is a stone staircase leading up here.
Eustachio hits you with a +0 rapier.
You die...

...................)..........>..
..############.###........####...
..# #.# #.####.######... ..# #.#
#.# #.......... ..# ######.# #.#
#.######... .... .......# #.# #.#
#.## .... ......r###.####.####
#.# .... .......@...........# #.#
..#. #....br@#.####.##.# #.#
###...r.#.# #.##.## ...
.......5.#.# #.##..# ####.....#.#
#.###.## ..... .........'.# #.#
#..#.# .... ##.....### #.# ##.#.#
#..# #.....# #.# #.#.# #..#
#.....# #.# #.#.# #..# #.....#
#.# #...#


You could see Eustachio, a quasit (summoned), a river rat (summoned), a bat
(summoned) and 2 rats.

Vanquished Creatures
  2 hounds (D:4)
  An orc wizard (D:3)
  5 adders
  4 dart slugs
  10 orcs (D:3)
  10 endoplasms
  2 giant cockroaches
  8 goblins
  4 hobgoblins
  A quokka (D:1)
  5 ball pythons
  5 bats
  2 frilled lizards
  8 kobolds
  A rat (D:2)
68 creatures vanquished.

Notes
Turn   | Place    | Note
-------+----------+-------------------------------------------
     0 | D:1      | Locuples the Kobold Brigand began the quest for the Orb.
     0 | D:1      | Reached XP level 1. HP: 12/12 MP: 1/1
     0 | D:1      | Noticed a merfolk zombie
     1 | D:1      | Noticed a draconian
     5 | D:1      | Noticed a troll
    17 | D:1      | Noticed a vampire
    18 | D:1      | Noticed a troll
    24 | D:1      | Noticed a felid
   377 | D:1      | Reached XP level 2. HP: 17/17 MP: 2/2
   449 | D:1      | Reached skill level 6 in Stealth
   637 | D:1      | Reached XP level 3. HP: 21/21 MP: 3/3
   661 | D:1      | Found a faded altar of an unknown god.
   685 | D:1      | You fall into a shaft and drop 1 floor!
  1029 | D:2      | Reached skill level 7 in Stealth
  1029 | D:2      | Reached XP level 4. HP: 13/26 MP: 4/4
  1874 | D:3      | Reached XP level 5. HP: 31/31 MP: 5/5
  2127 | D:3      | Reached skill level 8 in Stealth
  2931 | D:4      | Found a staircase to the Ecumenical Temple.
  2935 | D:4      | Noticed Eustachio
  3289 | D:4      | Reached XP level 6. HP: 15/36 MP: 6/6
  3314 | Temple   | Entered the Ecumenical Temple
  3769 | Temple   | Became a worshipper of Dithmenos the Shadowed
  4336 | D:4      | HP: 1/36 [Eustachio/+0 rapier (5)]
  4338 | D:4      | Slain by Eustachio

Illustrated notes

Levels and vault maps discovered:
D:1:      shiori_arrival_whats_in_store_for_you, layout_rooms,
          hellmonk_ecumenical_altar_leap_of_faith, minmay_misc_feat_enclosed,
          skrybe_limestone_x
D:2:      layout_basic, dreamdust_princess_bridge
D:3:      layout_basic, kennysheep_potato
D:4:      layout_basic, minmay_temple_entry_butterflies, uniq_eustachio
Temple:   mainiacjoe_temple_circle_huts

Skill      XL: |  1  2  3  4  5 |
---------------+----------------+-----
Stealth        | 6 7 8 |  8.6
Short Blades   | 3 4 |  4.5
Fighting       | |  2.6
Throwing       | |  2.1
Dodging        | |  1.2

Action                   |  1- 3 |  4- 6 || total
-------------------------+-------+-------++-------
Melee: Dagger            |    77 |   214 ||   291
       Punch             |       |     1 ||     1
  Use: Potion            |       |     5 ||     5
 Stab: Sleeping          |    12 |    18 ||    30
       Distracted        |     1 |     3 ||     4
Armor: Robe              |    13 |    76 ||    89
Dodge: Dodged            |    56 |   208 ||   264

Table legend: (Time is in decaauts)
 A = Elapsed time spent in this place.
 B = Non-inter-level travel time spent in this place.
 C = Inter-level travel time spent in this place.
 D = Time resting spent in this place.
 E = Time spent auto-exploring this place.
 F = Levels seen in this place.
 G = Mean time per level.
                   A        B        C        D        E       F      G
               +--------+--------+--------+--------+--------+-----+--------+
         Total |   4285 |   4285 |      0 |     34 |   3383 |   5 |  857.0 |
       Dungeon |   3552 |   3552 |      0 |     34 |   2690 |   4 |  888.0 |
        Temple |    732 |    732 |      0 |      0 |    693 |   1 |  732.0 |
               +--------+--------+--------+--------+--------+-----+--------+

Top non-repeatable levels by time:
     D:3: 1195 daAuts
     D:2: 1085 daAuts
  Temple: 732 daAuts
     D:1: 679 daAuts
     D:4: 591 daAuts
